 Dungeon Crawl Stone Soup version 0.31.0-32-g396128a36d (webtiles) character file.

Game seed: 9491996109297548486

33 spaghetti the Slasher (level 3, -4/34 HPs)
             Began as a Naga Chaos Knight on Mar 22, 2024.
             Was a Plaything of Xom.
             Slain by Sigmund
             ... wielding a +2 scythe of venom
              (7 damage)
             ... on level 2 of the Dungeon.
             The game lasted 00:01:23 (1437 turns).

spaghetti the Slasher (Naga Chaos Knight)           Turns: 1437, Time: 00:01:24

Health: -4/34      AC:  4    Str: 14    XL:     3   Next: 29%
Magic:  3/3        EV:  9    Int: 12    God:    Xom [..*...]
Gold:   31         SH:  0    Dex: 12    Spells: 2/2 levels left

rFire   . . .        a - +0 falchion (chaos)
rCold   . . .        (no shield)
rNeg    . . .        b - +2 leather armour
rPois   +            (no helmet)
rElec   .            (no cloak)
rCorr   .            (no gloves)
SInv    +            (no barding)
Will    .....        (no amulet)
Stlth   +            (no ring)
HPRegen 0.25/turn    (no ring)
MPRegen 0.08/turn

%: no passive effects
@: confused, brilliant, fugue, invisible, very slow
A: AC +1, large, see invisible, deformed body, poison resistance, slowness 2,
spit poison 1, naga tail 1
a: Spit Poison, Renounce Religion


You were on level 2 of the Dungeon.
You worshipped Xom.
You were a toy of Xom.
You visited 1 branch of the dungeon, and saw 2 of its levels.

You collected 31 gold pieces.

Inventory:

Hand Weapons
 a - a +0 falchion of chaos (weapon)
Armour
 b - a +2 leather armour (worn)
Scrolls
 e - a scroll of amnesia
Potions
 d - a potion of brilliance


   Skills:
 - Level 3.0 Fighting
 + Level 4.3 Long Blades
 - Level 1.5 Armour
 - Level 0.7 Dodging


You had 2 spell levels left.
You didn't know any spells.
Your spell library contained the following spells:

 Spells                   Type           Power      Damage    Failure   Level
 Slow                     Hex            0%         N/A       38%         1
 Confusing Touch          Hex            0%         N/A       77%         3
 Sigil of Binding         Hex            0%         N/A       77%         3
 Vampiric Draining        Necr           0%         2d6       77%         3


Dungeon Overview and Level Annotations

Branches:
Dungeon (2/15)

Altars:

Annotations:
D:2 Sigmund


Innate Abilities, Weirdness & Mutations

Your serpentine skin is tough. (AC +1)
You have supernaturally acute eyesight. (SInv)
Armour fits poorly on your strangely shaped body.
Your system is resistant to poisons. (rPois)
You cover ground very slowly.
You can spit poison.
You have a snake-like lower body.


Message History

Your butterfly disappears in a burst of colours!
Sigmund closely misses your butterfly.
Press: ? - help, v - describe, . - travel
Here: Sigmund, wielding a +2 scythe of venom and wearing a +0 robe (heavily wounded, slightly transparent, unable to see you, ally target)
The floor.
You swap places.
Your butterfly disappears in a burst of colours! x2
Sigmund smiles chillingly.
Sigmund hits you with a +2 scythe of venom.
You closely miss Sigmund.
Sigmund is heavily wounded.
Your butterfly disappears in a burst of colours!
Sigmund hits you with a +2 scythe of venom.
* * * LOW HITPOINT WARNING * * *
You hit Sigmund but do no damage.
Sigmund seems to speed up.
Xom is highly amused!
Sigmund is heavily wounded.
Your butterfly disappears in a burst of colours! x2
Sigmund gestures at you while chanting.
You are confused.
You are too confused!
Unknown command.
Unknown command.
Unknown command.
You bump into the rock wall.
Your butterfly disappears in a burst of colours! x2
Sigmund hits you with a +2 scythe of venom!
* * * LOW HITPOINT WARNING * * *
You closely miss Sigmund.
Sigmund is heavily wounded.
Sigmund closely misses you. Sigmund casts a spell at you.
You resist with some effort.
Okay, then.
You are too confused!
Unknown command.
Sigmund hits you with a +2 scythe of venom!
You die...
Sigmund begins carving another notch in his scythe.
Xom giggles madly!

#.......# #.##.##
.####.....#######.#...#
'............†.)†.....
##.........#####.#...#
#.........# #.##.##
#.........# #.####
##.......## #.#
##.....## #.# ##@@.##
#.# ##.## ... #.# # #.#
....####.# #.!.....#
#.#.######


You could see Sigmund (fast, invisible, unable to see you).

Vanquished Creatures
  An endoplasm (D:1)
  3 giant cockroaches
  3 hobgoblins
  A quokka (D:1)
  7 ball pythons
  3 bats (D:1)
  2 frilled lizards
  7 goblins
  3 kobolds (D:1)
  2 rats
32 creatures vanquished.

Notes
Turn   | Place    | Note
-------+----------+-------------------------------------------
     0 | D:1      | spaghetti the Naga Chaos Knight began the quest for the
                  | Orb.
     0 | D:1      | Reached XP level 1. HP: 21/21 MP: 1/1
   163 | D:1      | XOM: potion effect (haste)
   187 | D:1      | Reached XP level 2. HP: 28/28 MP: 2/2
   602 | D:1      | Reached skill level 4 in Long Blades
   640 | D:1      | XOM: silly message
   759 | D:1      | XOM: silly message
   844 | D:1      | Reached XP level 3. HP: 34/34 MP: 3/3
  1075 | D:1      | XOM: silly message
  1402 | D:2      | Noticed Sigmund
  1425 | D:2      | XOM: cast spell 'Fugue of the Fallen'
  1426 | D:2      | XOM: potion effect (invisibility)
  1437 | D:2      | Slain by Sigmund

Illustrated notes

Levels and vault maps discovered:
D:1:      wheals_arrival_linesprint, layout_loops_ring
D:2:      layout_loops_corners, chequers_serial_rivers_small_b, uniq_terence,
          uniq_sigmund

Skill      XL: |  1  2 |
---------------+-------+-----
Long Blades    | 4 |  4.3
Fighting       | |  3.0
Armour         | |  1.5
Dodging        | |  0.7

Action                     || total
---------------------------++-------
  Melee: Falchion          ||   103
Ability: Spit Poison       ||     2
    Use: Scroll            ||     2
         Potion            ||     1
 Armour: Leather armour    ||    91
  Dodge: Dodged            ||    46
